 Dungeon Crawl Stone Soup version 0.20.1-1-g8b1a95d (webtiles) character file.

861 letownia2 the Reanimator (level 7, -8/58 HPs)
             Began as a Deep Dwarf Necromancer on Dec 20, 2017.
             Was an Initiate of Gozag.
             Mangled by a mummy (9 damage)
             ... in an ossuary.
             The game lasted 00:14:23 (4957 turns).

letownia2 the Reanimator (Deep Dwarf Necromancer)   Turns: 4957, Time: 00:14:24

Health: -8/58      AC:  7    Str: 12    XL:     7   Next: 71%
Magic:  14/14      EV: 10    Int: 17    God:    Gozag
Gold:   712        SH:  0    Dex: 13    Spells: 10/16 levels left

rFire    + . .     SeeInvis .   b - +0 flail (crush)
rCold    . . .     Gourm    .   (no shield)
rNeg     . . .     Faith    .   f - +0 ring mail
rPois    .         Spirit   .   (no helmet)
rElec    .         Reflect  .   (no cloak)
rCorr    .         Harm     .   I - +0 pair of gloves
MR       +....                  N - +0 pair of boots
Stlth    +.........             (no amulet)
Regen    0.0/turn               R - ring of protection from fire
MPRegen  0.2/turn               (no ring)

@: non-regenerating, drained
A: damage resistance, heal wounds, sense surroundings 1, no regeneration
a: Heal Wounds, Potion Petition, Call Merchant, Bribe Branch, Renounce Religion


You were in an ossuary.
You worshipped Gozag.
Gozag was pleased with you.
You were hungry.

You visited 2 branches of the dungeon, and saw 6 of its levels.
You also visited: Sewer and Ossuary.

You collected 752 gold pieces.
You paid 40 gold pieces to Gozag.

Inventory:

Hand Weapons
 a - a +3 dagger of venom
 b - a +0 flail of crushing (weapon)
 d - a +0 dagger
 g - a +1 flail of distortion
 h - a +0 hand axe
 s - a cursed -1 hand axe
 z - a +1 hunting sling of velocity
 K - a +0 flail of crushing
 O - a +0 shortbow
Missiles
 t - 3 poisoned javelins (quivered)
 P - 28 arrows
Armour
 f - a +0 ring mail (worn)
 y - a +0 scale mail
 C - a +1 leather armour of poison resistance
 H - a +1 leather armour of cold resistance
 I - a +0 pair of gloves (worn)
 N - a +0 pair of boots (worn)
Jewellery
 L - an uncursed amulet of harm
 R - a ring of protection from fire (left hand)
Wands
 e - a wand of digging (18/24)
 G - a wand of polymorph (17/24)
Scrolls
 i - a scroll of noise {unknown}
 k - a scroll of fear {unknown}
 m - 6 scrolls of teleportation
 o - a scroll of magic mapping {unknown}
 p - 3 scrolls of blinking {unknown}
 v - a scroll of immolation {unknown}
 A - 5 scrolls of identify {unknown}
 D - 5 scrolls of remove curse {unknown}
 E - a scroll of amnesia {unknown}
 F - a scroll of fog {unknown}
 M - 2 scrolls of recharging {unknown}
Potions
 j - 5 potions of agility {unknown}
 l - 4 potions of flight
 n - a potion of brilliance {unknown}
 q - 5 potions of curing {unknown}
 r - a potion of magic {unknown}
 u - 2 potions of might {unknown}
 w - 2 potions of invisibility {unknown}
 x - 4 potions of haste {unknown}
 B - 2 potions of cancellation {unknown}
 J - a potion of heal wounds {unknown}
Books
 Q - a book of Necromancy

   Spells                             Type                      Level
   a - Pain                           Necromancy                   1
   b - Animate Skeleton               Necromancy                   1
   c - Vampiric Draining              Necromancy                   3
   d - Regeneration                   Charms/Necromancy            3
   e - Animate Dead                   Necromancy                   4
   f - Control Undead                 Necromancy                   4
 S - a book of Conjurations

   Spells                             Type                      Level
   a - Magic Dart                     Conjuration                  1
   b - Searing Ray                    Conjuration                  2
   c - Dazzling Spray                 Conjuration/Hexes            3
   d - Fulminant Prism                Conjuration/Hexes            4
   e - Force Lance                    Conjuration/Translocation    4
   f - Iskenderun's Mystic Blast      Conjuration                  4
Comestibles
 c - 3 bread rations


   Skills:
 + Level 1.7(1.0) Fighting
 + Level 0.2(0.0) Axes
 + Level 0.2(0.0) Maces & Flails
 - Level 2.1(1.5) Dodging
 - Level 2.4(1.7) Stealth
 - Level 5.1(4.3) Spellcasting
 - Level 0.1(0.0) Conjurations
 - Level 8.0(7.2) Necromancy


You had 10 spell levels left.
You knew the following spells:

 Your Spells              Type           Power        Failure   Level  Hunger
a - Pain                  Necr           ####         1%          1    None
l - Searing Ray           Conj           #.....       45%         2    ##.....
v - Vampiric Draining     Necr           ####......   5%          3    ###....


Dungeon Overview and Level Annotations

Branches:
Dungeon (5/15)             Temple (1/1) D:4

Altars:
Ashenzari
Cheibriados
Dithmenos
Elyvilon
Fedhas
Gozag
Kikubaaqudgha
Makhleb
Nemelex Xobeh
Okawaru
Qazlal
Ru
Sif Muna
Trog
Vehumet
Yredelemnul
The Shining One


Innate Abilities, Weirdness & Mutations

You are resistant to damage.
You can heal yourself by infusing magical energy.
You passively map a small area around you.
You do not regenerate.


Message History

* * * LOW HITPOINT WARNING * * *
Unknown command.
You sock the mummy!
The mummy is severely damaged.
The mummy closely misses you.
Unknown command.
You barely miss the mummy.
The mummy is severely damaged.
The mummy hits you!
* * * LOW HITPOINT WARNING * * *
Unknown command.
You hit the mummy.
The mummy is almost destroyed.
The mummy barely misses you.
Unknown command.
You completely miss the mummy.
The mummy is almost destroyed.
The mummy hits you!
You die...
Your body crumbles into a pile of gold.

* ≈ * ≈ ≈
≈ * ≈ ≈
#+# ≈, +*
* *,+≈. ≈
≈
###≈#####
*
#.'.#...#
*
#M@.∩.#≈
*
#('.#..∩#
*
###.#####
* * +M',
, , ,
*#.## * *
≈ +.# *,
#.+ , ,
'.#, ,* *
*#.# *


You could see 2 mummies.

Vanquished Creatures
  Purgy (Sewer)
  2 ogres (D:4)
  A centaur (D:5)
  A scorpion (D:5)
  3 orc priests
  Ijyb (D:2)
  A worker ant (D:4)
  2 orc wizards
  2 mummies (Ossuary)
  4 gnolls (D:5)
  5 adders
  2 oozes (D:2)
  An adder skeleton (D:4)
  A worm (D:3)
  3 dart slugs
  4 leopard geckos
  22 orcs
  4 giant cockroaches
  16 goblins
  5 hobgoblins
  16 jackals
  8 kobolds
  2 quokkas
  6 ball pythons
  4 bats
  3 frilled lizards
  7 rats
127 creatures vanquished.

Vanquished Creatures (others)
  A worm (D:4)
1 creature vanquished.

Grand Total: 128 creatures vanquished

Notes
Turn   | Place    | Note
-------+----------+-------------------------------------------
     0 | D:1      | letownia2 the Deep Dwarf Necromancer began the quest for the Orb.
     0 | D:1      | Reached XP level 1. HP: 15/15 MP: 3/3
   186 | D:3      | Reached XP level 2. HP: 22/22 MP: 0/5
   256 | D:3      | Found a shadowy altar of Dithmenos.
   260 | D:3      | Found a glowing drain.
   289 | Sewer    | Entered a sewer
   346 | Sewer    | Noticed Purgy
   361 | Sewer    | Killed Purgy
   361 | Sewer    | Reached skill level 5 in Necromancy
   361 | Sewer    | Reached XP level 3. HP: 14/28 MP: 0/7
   361 | Sewer    | Reached XP level 4. HP: 18/36 MP: 0/8
   370 | Sewer    | Learned a level 3 spell: Vampiric Draining
  1019 | D:4      | Reached skill level 6 in Necromancy
  1019 | D:4      | Reached XP level 5. HP: 22/42 MP: 5/9
  1509 | D:4      | Noticed an ogre
  1574 | D:4      | Killed an ogre
  1574 | D:4      | Reached skill level 7 in Necromancy
  1574 | D:4      | Reached XP level 6. HP: 21/49 MP: 0/10
  1947 | D:4      | Found a staircase to the Ecumenical Temple.
  1956 | Temple   | Entered the Ecumenical Temple
  2021 | Temple   | Became a worshipper of Gozag Ym Sagoz the Greedy
  2466 | D:4      | Reached skill level 1 in Fighting
  2890 | D:3      | Reached skill level 8 in Necromancy
  3247 | D:3      | Reached XP level 7. HP: 48/57 MP: 3/12
  3429 | D:2      | Noticed Ijyb
  3458 | D:2      | Killed Ijyb
  4540 | D:5      | Entered Level 5 of the Dungeon
  4784 | D:5      | Reached skill level 5 in Spellcasting
  4858 | D:5      | Learned a level 2 spell: Searing Ray
  4870 | D:5      | Found a sand-covered staircase.
  4923 | Ossuary  | Entered an ossuary
  4955 | Ossuary  | HP: 1/58 [mummy (7)]
  4957 | Ossuary  | Mangled by a mummy

Skill      XL: |  1  2  3  4  5  6  7 |
---------------+----------------------+-----
Spellcasting   | 2 3 5 |  5.1
Necromancy     | 5 6 7 8 |  8.0
Fighting       | 1 |  1.7
Axes           | |  0.2
Maces & Flails | |  0.2
Dodging        | |  2.1
Stealth        | |  2.4
Conjurations   | |  0.1

Action                   |  1- 3 |  4- 6 |  7- 9 || total
-------------------------+-------+-------+-------++-------
Melee: Dagger            |     6 |    31 |    62 ||    99
       Unarmed           |     2 |       |       ||     2
       Flail             |     8 |       |    15 ||    23
Throw: Stone             |       |     1 |       ||     1
       Javelin           |       |       |     1 ||     1
 Cast: Pain              |    25 |    58 |    85 ||   168
       Vampiric Draining |       |    34 |     7 ||    41
  Use: Potion            |       |     1 |       ||     1
       Scroll            |       |       |     1 ||     1
  Eat: Chunk             |       |     6 |       ||     6
       Royal jelly       |       |     2 |     1 ||     3
       Bread ration      |       |       |     1 ||     1
Armor: Robe              |     4 |       |       ||     4
       Ring mail         |    12 |    20 |    25 ||    57
Dodge: Dodged            |    28 |    34 |    55 ||   117
